 Dungeon Crawl Stone Soup version 0.22.1-1-ga44c0e5 (webtiles) character file.

2079 Starchild the Fighter (level 9, -11/74 HPs)
             Began as a Demonspawn Monk on Oct 24, 2018.
             Was an Elder of Cheibriados.
             Mangled by a two-headed ogre
             ... wielding a +0 great mace
              (21 damage)
             ... on level 8 of the Dungeon.
             The game lasted 00:25:42 (7680 turns).

Starchild the Fighter (Demonspawn Monk)             Turns: 7680, Time: 00:25:43

Health: -11/74     AC: 13    Str: 26    XL:     9   Next: 6%
Magic:  15/15      EV: 10    Int: 24    God:    Cheibriados [****..]
Gold:   440        SH:  0    Dex: 27    Spells: 5/8 levels left

rFire    . . .     SeeInvis .   C - +5 dagger of a ziggurat {pierce, *Corrode +Blink rC+}
rCold    + . .     Gourm    .   (no shield)
rNeg     . . .     Faith    .   p - +1 chain mail {rPois}
rPois    +         Spirit   .   (no helmet)
rElec    .         Reflect  .   y - +0 cloak
rCorr    +         Harm     .   (no gloves)
MR       .....                  x - +0 pair of boots
Stlth    ..........             (no amulet)
HPRegen  0.22/turn              k - +5 ring of strength
MPRegen  0.14/turn              A - ring of resist corrosion

@: very slow
A: talons 1, icy blue scales 1, foul stench 1, rot immunity
a: Bend Time, Temporal Distortion, Slouch, Renounce Religion, Evoke Blink


You were on level 8 of the Dungeon.
You worshipped Cheibriados.
Cheibriados was greatly pleased with you.
You were hungry.

You visited 1 branch of the dungeon, and saw 8 of its levels.
You also visited: Sewer.

You collected 440 gold pieces.

Inventory:

Hand Weapons
 a - a +0 hand axe
 C - the +5 dagger of a ziggurat (weapon) {pierce, *Corrode +Blink rC+}
   (You found it on level 6 of the Dungeon)

   It inflicts extra damage upon your enemies.
   It protects you from cold.
   It lets you blink.
   It may corrode you when you take damage.
Missiles
 g - 204 stones (quivered)
Armour
 b - a +0 robe
 p - a +1 chain mail of poison resistance (worn)
 x - a +0 pair of boots (worn)
 y - a +0 cloak (worn)
Magical Staves
 t - an uncursed staff of poison {unknown}
Jewellery
 k - a +5 ring of strength (left hand)
 m - an uncursed ring of fire
 A - a ring of resist corrosion (right hand)
 G - a +2 ring of dexterity
Wands
 F - a wand of scattershot (6)
Scrolls
 f - 2 scrolls of fog {unknown}
 i - 2 scrolls of magic mapping
 l - 3 scrolls of noise {unknown}
 n - 2 scrolls of enchant armour {unknown}
 o - 4 scrolls of remove curse
 r - 3 scrolls of teleportation {unknown}
 u - a scroll of random uselessness {unknown}
 v - 3 scrolls of amnesia
 D - a scroll of blinking {unknown}
 E - 3 scrolls of enchant weapon {unknown}
Potions
 d - 3 potions of flight
 e - 3 potions of agility
 h - a potion of might {unknown}
 j - 2 potions of brilliance
 q - a potion of mutation {unknown}
 s - 2 potions of curing {unknown}
 w - a potion of berserk rage {unknown}
 z - 2 potions of heal wounds {unknown}
 B - 2 potions of resistance {unknown}
Comestibles
 c - 5 rations


   Skills:
 - Level 8.1 Fighting
 - Level 2.6 Axes
 - Level 2.6 Dodging
 - Level 1.7 Stealth
 - Level 3.3 Hexes
 * Level 8.1 Invocations
 * Level 5.5 Evocations


You had 5 spell levels left.
You knew the following spells:

 Your Spells              Type           Power        Failure   Level  Hunger
a - Confuse               Hex            ###.....     63%         3    ####...

Your spell library contained the following spells:

 Spells                   Type           Power        Failure   Level  Hunger
 Confusing Touch          Hex            ###...       26%         1    ##.....
 Summon Small Mammal      Summ           #...         71%         1    ##.....
 Call Imp                 Summ           #.......     85%         2    ###....
 Summon Guardian Golem    Hex/Summ       #.......     85%         3    ####...
 Call Canine Familiar     Summ           #.......     97%         3    ####...
 Gell's Gravitas          Tloc           #.........   97%         3    ####...
 Petrify                  Tmut/Erth      #.......     100%        4    #####..
 Summon Ice Beast         Ice/Summ       #.......     100%        4    #####..
 Summon Lightning Spire   Summ/Air       #.......     100%        4    #####..
 Metabolic Englaciation   Hex/Ice        #.........   100%        5    ######.
 Yara's Violent Unravell  Hex/Tmut       #.........   100%        5    ######.


Dungeon Overview and Level Annotations

Branches:
Dungeon (8/15)             Temple (0/1) D:6
   Lair: D:8-11

Altars:
Cheibriados
Hepliaklqana
Okawaru
Ru
Uskayaw
Vehumet
Wu Jian
Yredelemnul
The Shining One


Innate Abilities, Weirdness & Mutations

You have sharp toenails.
You are partially covered in icy blue scales. (AC +2)
You may emit foul miasma when damaged in melee.
You are immune to rotting.


Message History

You emit a cloud of foul miasma!
You hit the two-headed ogre.
The two-headed ogre is heavily wounded.
The two-headed ogre is engulfed in dark miasma.
The two-headed ogre is poisoned.
The two-headed ogre hits you with a great mace!
The two-headed ogre misses you.
You hit the two-headed ogre but do no damage.
The two-headed ogre is heavily wounded.
The two-headed ogre is engulfed in dark miasma.
The two-headed ogre looks even sicker.
The two-headed ogre hits you with a great mace!!
* * * LOW HITPOINT WARNING * * *
The two-headed ogre misses you.
The two-headed ogre is engulfed in dark miasma.
The two-headed ogre looks even sicker.
The two-headed ogre seems to slow down.
The two-headed ogre hits you with a great mace.
* * * LOW HITPOINT WARNING * * *
The two-headed ogre hits you with a giant spiked club!!
You die...

### #.# #<#
#.# #.# #.#
#.# #@#
#### #O#
####...##.#
...'...'.|#
#.##...####
#... .....
######


You could see a two-headed ogre.

Vanquished Creatures
  Menkaure (D:6)
  3 sky beasts
  An orc warrior (D:7)
  A black bear (D:7)
  2 ogres
  A centaur (D:5)
  A big kobold (D:7)
  5 bullfrogs
  A scorpion (D:7)
  3 howler monkeys (D:7)
  5 hounds
  A centaur skeleton (D:7)
  2 orc priests
  Crazy Yiuf (D:4)
  4 worker ants
  2 orc wizards
  A hound skeleton (D:5)
  14 adders
  A howler monkey skeleton (D:7)
  4 shadow imps
  An ooze (D:6)
  An adder skeleton (D:7)
  2 worms
  7 leopard geckos
  9 orcs
  3 ball pythons (Sewer)
  3 giant cockroaches
  11 goblins
  11 hobgoblins
  9 jackals
  7 bats
  8 frilled lizards
  17 kobolds
  A leopard gecko skeleton (D:5)
  A quokka skeleton (D:4)
  A quokka zombie (D:7)
  13 rats
159 creatures vanquished.

Notes
Turn   | Place    | Note
-------+----------+-------------------------------------------
     0 | D:1      | Starchild the Demonspawn Monk began the quest for the Orb.
     0 | D:1      | Reached XP level 1. HP: 18/18 MP: 1/1
   205 | D:1      | Gained mutation: You have sharp toenails. [demonic
                  | ancestry]
   205 | D:1      | Reached XP level 2. HP: 14/24 MP: 2/2
   808 | D:1      | Gained mutation: You are partially covered in icy blue
                  | scales. (AC +2) [demonic ancestry]
   808 | D:1      | Reached XP level 3. HP: 28/30 MP: 3/3
  1334 | D:2      | Found a basalt altar of Yredelemnul.
  1934 | D:2      | Gained mutation: You are immune to rotting. [demonic
                  | ancestry]
  1934 | D:2      | Reached XP level 4. HP: 35/38 MP: 4/4
  2212 | D:2      | Reached skill level 5 in Fighting
  2219 | D:2      | Found a sacrificial altar of Ru.
  2620 | D:3      | Found a glowing drain.
  2632 | Sewer    | Entered a sewer
  2746 | Sewer    | Gained mutation: You may emit foul miasma when damaged in
                  | melee. [demonic ancestry]
  2746 | Sewer    | Reached XP level 5. HP: 20/46 MP: 5/5
  3442 | D:3      | Learned a level 3 spell: Confuse
  3593 | D:3      | Reached XP level 6. HP: 42/53 MP: 6/6
  3676 | D:3      | Found a snail-covered altar of Cheibriados.
  3694 | D:3      | Became a worshipper of Cheibriados the Contemplative
  3694 | D:3      | Reached * piety under Cheibriados
  3694 | D:3      | Reached ** piety under Cheibriados
  4542 | D:4      | Found an ornate altar of the Wu Jian Council.
  4626 | D:4      | Found a runed door.
  4630 | D:4      | Noticed Crazy Yiuf
  4646 | D:4      | Killed Crazy Yiuf
  4646 | D:4      | Reached skill level 1 in Hexes
  4944 | D:5      | Entered Level 5 of the Dungeon
  5230 | D:5      | Reached XP level 7. HP: 28/61 MP: 7/7
  5871 | D:5      | Reached skill level 1 in Invocations
  5883 | D:5      | Reached *** piety under Cheibriados
  5918 | D:5      | You fall through a shaft!
  6074 | D:5      | Found a hazy altar of Hepliaklqana.
  6285 | D:6      | Found a staircase to the Ecumenical Temple.
  6298 | D:6      | Found a hide-covered altar of Uskayaw.
  6306 | D:6      | Got a translucent dagger
  6307 | D:6      | Identified the +5 dagger of a ziggurat {pierce, *Corrode
                  | +Blink rC+} (You found it on level 6 of the Dungeon)
  6392 | D:6      | Noticed Menkaure
  6401 | D:6      | Killed Menkaure
  6401 | D:6      | Reached skill level 1 in Evocations
  6490 | D:6      | Reached XP level 8. HP: 65/68 MP: 9/11
  6732 | D:6      | Reached skill level 5 in Invocations
  7199 | D:7      | Reached skill level 5 in Evocations
  7200 | D:7      | Reached **** piety under Cheibriados
  7305 | D:7      | Reached XP level 9. HP: 47/74 MP: 14/14
  7402 | D:7      | Found a radiant altar of Vehumet.
  7402 | D:7      | Found an iron altar of Okawaru.
  7403 | D:7      | Found a glowing golden altar of the Shining One.
  7671 | D:8      | Noticed a two-headed ogre
  7680 | D:8      | Mangled by a two-headed ogre

Skill      XL: |  1  2  3  4  5  6  7  8  9 |
---------------+----------------------------+-----
Fighting       | 4 5 6 7 8 |  8.1
Hexes          | 1 3 |  3.3
Invocations    | 4 7 8 |  8.1
Evocations     | 2 5 |  5.5
Axes           | |  2.6
Dodging        | |  2.6
Stealth        | |  1.7

Action                   |  1- 3 |  4- 6 |  7- 9 || total
-------------------------+-------+-------+-------++-------
Melee: Hand axe          |   130 |   260 |   104 ||   494
       Kick              |    21 |    40 |       ||    61
       Dagger            |       |       |   157 ||   157
Throw: Stone             |       |       |     3 ||     3
  Use: Scroll            |     2 |     3 |     1 ||     6
       Potion            |       |     4 |       ||     4
 Stab: Sleeping          |     5 |     5 |       ||    10
       Paralysed         |       |     1 |       ||     1
  Eat: Chunk             |     1 |     7 |     4 ||    12
       Ration            |     1 |       |       ||     1
Armor: Robe              |    26 |    38 |       ||    64
       Chain mail        |       |    41 |   193 ||   234
Dodge: Dodged            |    94 |   198 |   152 ||   444
